 Dungeon Crawl Stone Soup version 0.20-a0-823-gdec668e (webtiles) character file.

2968 nikopol the Cleaver (level 9, -6/82 HPs)
             Began as a Minotaur Berserker on Mar 5, 2017.
             Was an Elder of Trog.
             Mangled by a two-headed ogre
             ... wielding a +0 giant spiked club
              (22 damage)
             ... on level 8 of the Dungeon.
             The game lasted 00:13:43 (7427 turns).

nikopol the Cleaver (Minotaur Berserker)            Turns: 7427, Time: 00:13:44

Health: -6/82      AC:  8    Str: 23    XL:     9   Next: 52%
Magic:  8/8        EV: 13    Int:  4    God:    Trog [****..]
Gold:   389        SH:  5    Dex: 12    Spells: 8/8 levels left

rFire    . . .     SeeInvis .   z - +0 shortbow
rCold    . . .     Gourm    .   C - +0 scale mail
rNeg     . . .     Faith    .   (shield currently unavailable)
rPois    .         Spirit   .   (helmet restricted)
rElec    .         Reflect  +   (no cloak)
rCorr    .         Harm     .   (no gloves)
MR       .....     Rnd*Tele +   (no boots)
Stlth    +.........             D - +5 amulet of reflection
Regen    0.3/turn               J - ring of stealth
MPRegen  0.2/turn               d - ring of teleportation (curse)

@: no status effects
A: retaliatory headbutt, horns 2
a: Berserk, Trog's Hand, Brothers in Arms, Burn Spellbooks, Renounce Religion


You were on level 8 of the Dungeon.
You worshipped Trog.
Trog was greatly pleased with you.
You were not hungry.

You visited 1 branch of the dungeon, and saw 8 of its levels.

You collected 389 gold pieces.

Inventory:

Hand Weapons
 a - a +0 hand axe
 z - a +0 shortbow (weapon)
Missiles
 x - 80 arrows (quivered)
Armour
 b - a +0 animal skin
 e - a +0 leather armour
 m - a +0 ring mail
 t - a cursed +0 chain mail
 C - a +0 scale mail (worn)
Jewellery
 d - a cursed ring of teleportation (left hand)
 D - a +5 amulet of reflection (around neck)
 J - a ring of stealth (right hand)
Wands
 o - a wand of enslavement (7/24)
 E - a wand of flame (18/48)
 G - a wand of paralysis (15/24)
Scrolls
 i - 3 scrolls of magic mapping {unknown}
 j - 6 scrolls of identify
 k - 2 scrolls of remove curse {unknown}
 p - 2 scrolls of amnesia {unknown}
 u - 2 scrolls of immolation {unknown}
 y - 2 scrolls of teleportation {unknown}
 F - 3 scrolls of recharging {unknown}
 H - a scroll of enchant weapon {unknown}
 I - a scroll of blinking {unknown}
Potions
 f - 2 potions of degeneration {unknown}
 h - a potion of berserk rage {unknown}
 l - 2 potions of lignification {unknown}
 q - 2 potions of flight {unknown}
 r - 2 potions of haste {unknown}
 s - 3 potions of curing {unknown}
 v - 2 potions of resistance {unknown}
 w - a potion of agility {unknown}
 B - 2 potions of heal wounds {unknown}
Books
 K - a book of Enchantments

   Spells                             Type                      Level
   a - Cause Fear                     Hexes                        4
   b - Yara's Violent Unravelling     Hexes/Transmutation          5
   c - Silence                        Hexes/Air                    5
   d - Deflect Missiles               Charms/Air                   6
   e - Discord                        Hexes                        8
   Trog disapproves of the use of such an item.
Comestibles
 c - 8 bread rations
 g - a royal jelly
 n - 9 meat rations
 A - 13 fruits


   Skills:
 + Level 8.3 Fighting
 * Level 9.2 Axes
 * Level 3.2 Bows
 + Level 7.7 Armour
 + Level 7.2 Dodging


You had 8 spell levels left.
You didn't know any spells.

Dungeon Overview and Level Annotations

Branches:
Dungeon (8/15)             Temple (0/1) D:5
   Lair: D:8-11

Altars:
Cheibriados
Elyvilon
Gozag
Kikubaaqudgha
Makhleb
Nemelex Xobeh
Okawaru
Ru
Wu Jian
Yredelemnul
Zin
The Shining One


Innate Abilities, Weirdness & Mutations

You reflexively headbutt those who attack you in melee.
You have a pair of horns on your head.


Message History

The two-headed ogre is severely wounded.
You block the two-headed ogre's attack.
The two-headed ogre hits you with a giant club!!
You hit the two-headed ogre but do no damage.
The two-headed ogre is severely wounded.
The two-headed ogre closely misses you.
The two-headed ogre hits you but does no damage.
You hit the two-headed ogre. You headbutt the two-headed ogre.
The two-headed ogre is severely wounded.
You hit the two-headed ogre.
The two-headed ogre is almost dead.
The two-headed ogre misses you.
The two-headed ogre hits you with a giant club!!
* * * LOW HITPOINT WARNING * * *
You hit the two-headed ogre but do no damage.
The two-headed ogre is almost dead.
Wield which item (- for none, * to show all)? (? for menu, Esc to quit)
z - a +0 shortbow (weapon)
The two-headed ogre hits you with a giant spiked club!!
You die...

##########################
.........((.(((O@........#
#..#..#..#..#..#..#..#...#
.........................#
#..#..#..#..#..#..#..#...#
...........[..........^..#
########################.#
#.# #.(# #.#######.######
#................


You could see a two-headed ogre.

Vanquished Creatures
  Grinder (D:3)
  A water moccasin (D:6)
  A sky beast (D:6)
  Duvessa (D:7)
  2 ice beasts
  3 phantoms
  6 ogres
  A centaur (D:7)
  2 big kobolds
  A bullfrog (D:8)
  A gnoll sergeant (D:5)
  Dowan (D:7)
  A wyvern skeleton (D:7)
  A scorpion (D:4)
  2 crimson imps
  A bullfrog skeleton (D:7)
  2 orc priests (D:5)
  2 hounds
  2 jellies (D:5)
  2 iguanas
  4 worker ants
  Ijyb (D:3)
  10 orc wizards
  A hound zombie (D:7)
  A hound skeleton (D:4)
  A worker ant zombie (D:6)
  5 adders
  8 gnolls (D:5)
  2 howler monkey skeletons (D:4)
  2 oozes
  An adder skeleton (D:6)
  An adder zombie (D:7)
  8 leopard geckos
  19 orcs
  11 goblins
  7 hobgoblins
  3 jackals (D:6)
  12 kobolds
  3 quokkas
  A ball python (D:3)
  6 bats
  6 frilled lizards
  A jackal skeleton (D:4)
  A quokka skeleton (D:6)
  12 rats
161 creatures vanquished.

Vanquished Creatures (others)
  A human (D:7)
  A centaur zombie (D:7)
  A kobold (D:8)
3 creatures vanquished.

Grand Total: 164 creatures vanquished

Notes
Turn   | Place    | Note
-------+----------+-------------------------------------------
     0 | D:1      | nikopol the Minotaur Berserker began the quest for the Orb.
     0 | D:1      | Reached XP level 1. HP: 19/19 MP: 0/0
   113 | D:1      | Reached XP level 2. HP: 25/27 MP: 1/1
   147 | D:1      | Reached skill level 4 in Axes
   498 | D:2      | Reached XP level 3. HP: 32/33 MP: 2/2
   525 | D:2      | Reached ** piety under Trog
   591 | D:2      | Found a basalt altar of Yredelemnul.
  1018 | D:2      | Reached XP level 4. HP: 41/41 MP: 3/3
  1221 | D:3      | Noticed Ijyb
  1240 | D:3      | Killed Ijyb
  1484 | D:3      | Found a sparkling altar of Nemelex Xobeh.
  1591 | D:3      | Reached XP level 5. HP: 47/47 MP: 4/4
  1741 | D:3      | Noticed Grinder
  1750 | D:3      | Paralysed by Grinder for 6 turns
  1761 | D:3      | Killed Grinder
  1761 | D:3      | Reached skill level 5 in Fighting
  1761 | D:3      | Reached skill level 5 in Axes
  1761 | D:3      | Reached XP level 6. HP: 18/56 MP: 5/5
  2376 | D:4      | Reached XP level 7. HP: 55/61 MP: 6/6
  2432 | D:4      | Reached *** piety under Trog
  2432 | D:4      | Reached skill level 5 in Armour
  2437 | D:4      | Reached skill level 6 in Axes
  2611 | D:4      | Found a sparkling altar of Nemelex Xobeh.
  2881 | D:4      | Found a glowing golden altar of the Shining One.
  3113 | D:5      | Entered Level 5 of the Dungeon
  3119 | D:5      | Reached skill level 5 in Dodging
  3135 | D:5      | Found a staircase to the Ecumenical Temple.
  3143 | D:5      | Found an opulent altar of Gozag.
  3664 | D:5      | Found an iron altar of Okawaru.
  3667 | D:5      | Found an ornate altar of the Wu Jian Council.
  3667 | D:5      | Found a sacrificial altar of Ru.
  3668 | D:5      | Found a burning altar of Makhleb.
  3669 | D:5      | Found a glowing silver altar of Zin.
  3713 | D:5      | Reached XP level 8. HP: 48/71 MP: 7/7
  4192 | D:5      | Reached skill level 7 in Axes
  4227 | D:5      | Reached **** piety under Trog
  5549 | D:6      | Reached skill level 8 in Axes
  5709 | D:6      | Found a white marble altar of Elyvilon.
  6203 | D:7      | Reached XP level 9. HP: 61/81 MP: 8/8
  6364 | D:7      | Noticed Duvessa
  6364 | D:7      | Noticed Dowan
  6370 | D:7      | Killed Duvessa
  6377 | D:7      | Killed Dowan
  6411 | D:7      | Reached skill level 1 in Bows
  6931 | D:7      | Found an ancient bone altar of Kikubaaqudgha.
  6984 | D:7      | Reached skill level 9 in Axes
  7201 | D:8      | Found a snail-covered altar of Cheibriados.
  7302 | D:8      | Noticed a two-headed ogre
  7427 | D:8      | Mangled by a two-headed ogre

Vault maps used:
D:1:      dpeg_arrival_court
D:2:      lemuel_doored_altar
D:3:      marbit_many_paths, uniq_iyjb, uniq_grinder
D:4:      nicolae_tso_carved_into_rock, nemelex_lonely_heart_becter
D:5:      grunt_temple_overflow_open, minmay_temple_entry_trees, first_bread,
          nicolae_gozag_seed_capital
D:6:      kennysheep_mini
D:7:      grunt_ogre_cave, minmay_misc_feat_diagonals,
          hangedman_abyss_or_decor_lesser_grid, tgw_kikubaaqudgha, uniq_duvessa
D:8:      lemuel_crystal_altar, david_lair_shrubbed, columned_hall_lemuel

Skill      XL: |  1  2  3  4  5  6  7  8  9 |
---------------+----------------------------+-----
Fighting       | 4 5 6 7 8 |  8.3
Axes           | 4 5 6 8 9 |  9.2
Armour         | 3 4 5 7 |  7.7
Dodging        | 3 4 5 6 7 |  7.2
Bows           | 3 |  3.2

Action                   |  1- 3 |  4- 6 |  7- 9 || total
-------------------------+-------+-------+-------++-------
Melee: Hand axe          |    86 |    97 |   305 ||   488
       Headbutt          |    13 |    13 |    74 ||   100
 Fire: Shortbow          |       |       |    76 ||    76
Invok: Berserk           |       |       |     3 ||     3
       Trog's Hand       |       |       |     1 ||     1
  Use: Scroll            |       |     1 |     1 ||     2
  Eat: Chunk             |       |     4 |    15 ||    19
       Royal jelly       |       |       |     2 ||     2
       Fruit             |       |       |     1 ||     1
Armor: Leather armour    |    14 |       |       ||    14
       Animal skin       |     1 |       |       ||     1
       Ring mail         |    16 |    30 |    29 ||    75
       Scale mail        |       |       |    35 ||    35
Dodge: Dodged            |    55 |    59 |   174 ||   288
Block: Other             |       |       |    67 ||    67
       Reflection        |       |       |     3 ||     3
